 Dungeon Crawl Stone Soup version 0.17.0-26-gececa24 (webtiles) character file.

597 graki42 the Magician (level 7, 37/37 HPs)
             Began as a Deep Elf Fire Elementalist on Nov 20, 2015.
             Was an Initiate of Sif Muna.
             Quit the game on level 4 of the Dungeon.
             The game lasted 00:13:48 (2056 turns).

graki42 the Magician (Deep Elf Fire Elementalist)   Turns: 2056, Time: 00:13:49

Health: 37/37      AC:  5    Str:  8    XL:     7   Next: 17%
Magic:  16/18      EV: 13    Int: 22    God:    Sif Muna [......]
Gold:   146        SH:  0    Dex: 15    Spells: 6 memorised, 1 level left

rFire  . . .     SeeInvis .     n - +0 quarterstaff
rCold  + . .     Clarity  .     v - +0 leather armour {rC+}
rNeg   . . .     SustAt   .     (shield currently unavailable)
rPois  .         Gourm    .     r - +1 helmet
rElec  .         Spirit   .     (no cloak)
rCorr  .         Warding  .     (no gloves)
rMut   .         Stasis   .     (no boots)
MR     .....                    (no amulet)
Stlth  ++........               (no ring)
                                s - +3 ring of strength

@: not resistant to hostile enchantments, unstealthy
A: no striking features
a: Renounce Religion


You were on level 4 of the Dungeon.
You worshipped Sif Muna.
Sif Muna was noncommittal.
You were not hungry.

You visited 1 branch of the dungeon, and saw 4 of its levels.

You collected 146 gold pieces.

Inventory:

Hand Weapons
 n - a +0 quarterstaff (weapon)
Missiles
 q - 4 needles of slowing
Armour
 r - a +1 helmet (worn)
 v - a +0 leather armour of cold resistance (worn)
Jewellery
 s - a +3 ring of strength (left hand)
Wands
 a - a wand of paralysis (13)
 y - a wand of fireball (11)
Scrolls
 d - a scroll of blinking {unknown}
 e - 4 scrolls of identify {unknown}
 h - 3 scrolls of enchant armour {unknown}
 j - 2 scrolls of noise {unknown}
 k - a scroll of remove curse {unknown}
 m - 2 scrolls of enchant weapon {unknown}
 t - 3 scrolls of fear {unknown}
 u - a scroll of magic mapping {unknown}
 w - a scroll of fog {unknown}
Potions
 i - 2 potions of curing {unknown}
 l - a potion of heal wounds {unknown}
 o - a potion of mutation {unknown}
 p - a potion of invisibility {unknown}
 x - a potion of poison {unknown}
 z - a potion of magic {unknown}
Comestibles
 c - 2 bread rations
 f - 4 meat rations
 g - 4 fruits
 A - 4 chunks of flesh


   Skills:
 + Level 0.7 Fighting
 + Level 1.1 Armour
 + Level 3.6 Dodging
 + Level 3.0 Stealth
 + Level 6.0 Spellcasting
 + Level 3.5 Conjurations
 + Level 0.6 Hexes
 + Level 5.8 Fire Magic


You had one spell level left.
You knew the following spells:

 Your Spells              Type           Power        Failure   Level  Hunger
a - Flame Tongue          Conj/Fire      ####.        1%          1    None
b - Conjure Flame         Conj/Fire      ####....     8%          3    #......
c - Inner Flame           Hex/Fire       ###.....     12%         3    #......
d - Sticky Flame          Conj/Fire      ####....     21%         4    ###....
e - Fireball              Conj/Fire      ####......   58%         5    #####..
f - Pain                  Necr           #...         14%         1    None


Dungeon Overview and Level Annotations

Branches:
Dungeon (4/15)
 Temple: D:4-7

Altars:
Kikubaaqudgha
Makhleb
Nemelex Xobeh
Qazlal
Sif Muna
Vehumet

Shops:
D:4 [


Message History

B - Sif Muna's Incunabulum of Execration
There is a deep blue altar of Sif Muna here.
You kneel at the altar of Sif Muna.
Sif Muna welcomes you!
C - Vehumet's Disquisition on Attacks D - Kikubaaqudgha's Volume of Evil This spell is very dangerous to cast!
Memorise Fireball, consuming 5 spell levels and leaving 2?
You start memorising the spell.
You continue memorising.
You continue memorising. x4
You finish memorising.
Spell assigned to 'e'.
Memorise Pain, consuming 1 spell level and leaving 1?
You start memorising the spell.
You continue memorising.
You finish memorising.
Spell assigned to 'f'.
Drop what? 30/52 slots (_ for help) (? for menu, Esc to quit)
You drop a book of Flames.
You drop Sif Muna's Incunabulum of Execration.
You drop Vehumet's Disquisition on Attacks.
You drop Kikubaaqudgha's Volume of Evil.
Are you sure you want to abandon this character and quit the game? (Confirm with "yes".)

.###..#.##.#.##..#
#.....##)#.##..#
..##.####.#.._.[# .. #.
#.#.#...##### .. .
#.#.#..##._.## . #
#####....###8...8### .
#.......##8##...##8## .
#.#####.#...##.##...# .
#.#####.#_@........_# .
#.##....#...#.⌠.#...#
.######.##.##.##8##...##8##
.......)##.##..###.(..####
......).....).........#
........##.#..............
.#.#######†............###
.#.# ###.....#####.# .#.#
#.....# .#


There were no monsters in sight!

Vanquished Creatures
  Grinder (D:3)
  2 ogres (D:4)
  An orc wizard (D:3)
  An iguana (D:4)
  A worker ant (D:4)
  4 gnolls (D:2)
  4 adders
  An ooze (D:2)
  A worm (D:3)
  2 giant geckos
  12 orcs
  5 goblins
  6 hobgoblins
  3 jackals (D:1)
  9 kobolds
  7 bats
  3 giant cockroaches
  7 giant newts
  A quokka skeleton (D:3)
  10 rats
81 creatures vanquished.

Notes
Turn   | Place    | Note
--------------------------------------------------------------
     0 | D:1      | graki42 the Deep Elf Fire Elementalist began the quest for the Orb.
     0 | D:1      | Reached XP level 1. HP: 10/10 MP: 6/6
   138 | D:1      | Reached XP level 2. HP: 15/15 MP: 4/8
   527 | D:2      | Reached skill level 4 in Fire Magic
   527 | D:2      | Reached XP level 3. HP: 19/19 MP: 3/9
   731 | D:2      | Reached XP level 4. HP: 20/24 MP: 8/11
   736 | D:2      | Learned a level 3 spell: Conjure Flame
   740 | D:2      | Learned a level 3 spell: Inner Flame
  1163 | D:2      | Learned a level 4 spell: Sticky Flame
  1187 | D:3      | Noticed Grinder
  1200 | D:3      | Paralysed by Grinder for 7 turns
  1208 | D:3      | Killed Grinder
  1208 | D:3      | Reached skill level 5 in Spellcasting
  1208 | D:3      | Reached skill level 5 in Fire Magic
  1208 | D:3      | Reached XP level 5. HP: 24/28 MP: 6/14
  1208 | D:3      | Reached XP level 6. HP: 28/33 MP: 6/15
  1272 | D:3      | Found a stormy altar of Qazlal.
  1477 | D:3      | Found a sparkling altar of Nemelex Xobeh.
  1588 | D:3      | Found a faded altar to an unknown god.
  1812 | D:4      | Found Zoefuijun's Armour Emporium.
  1849 | D:4      | Found a burning altar of Makhleb.
  1895 | D:4      | Reached skill level 1 in Armour
  1895 | D:4      | Reached skill level 6 in Spellcasting
  1895 | D:4      | Reached XP level 7. HP: 37/37 MP: 7/18
  2017 | D:4      | Found a deep blue altar of Sif Muna.
  2019 | D:4      | Found a radiant altar of Vehumet.
  2019 | D:4      | Found an ancient bone altar of Kikubaaqudgha.
  2024 | D:4      | Identified Sif Muna's Incunabulum of Execration
  2026 | D:4      | Became a worshipper of Sif Muna the Loreminder
  2034 | D:4      | Identified Vehumet's Disquisition on Attacks
  2043 | D:4      | Identified Kikubaaqudgha's Volume of Evil
  2050 | D:4      | Learned a level 5 spell: Fireball
  2052 | D:4      | Learned a level 1 spell: Pain
  2056 | D:4      | Quit the game

Action                   |  1- 3 |  4- 6 |  7- 9 || total
-------------------------+-------+-------+-------++-------
Melee: Short sword       |    22 |       |       ||    22
 Cast: Flame Tongue      |    46 |    80 |     8 ||   134
       Conjure Flame     |       |     4 |     1 ||     5
       Inner Flame       |       |     4 |     1 ||     5
       Sticky Flame      |       |       |     1 ||     1
  Eat: Chunk             |       |     3 |     1 ||     4
